 Dungeon Crawl Stone Soup version 0.27.1-1-g398f81649c (webtiles) character file.

Game seed: 1518049264793982072

305 NFM the Covered (level 6, -3/56 HPs)
             Began as a Deep Dwarf Fighter on Sept 21, 2021.
             Slain by Crazy Yiuf (6 damage)
             ... on level 3 of the Dungeon.
             The game lasted 00:08:23 (2084 turns).

NFM the Covered (Deep Dwarf Fighter)                Turns: 2084, Time: 00:08:24

Health: -3/56      AC:  7    Str: 21    XL:     6   Next: 16%
Magic:  5/5        EV:  8    Int:  9    God:
Gold:   118        SH:  9    Dex: 12    Spells: 5/5 levels left

rFire    . . .     SeeInvis .   a - +0 war axe
rCold    . . .     Faith    .   c - +0 kite shield
rNeg     . . .     Spirit   .   b - +0 scale mail
rPois    .         Reflect  .   (no helmet)
rElec    .         Harm     .   (no cloak)
rCorr    .         Rampage  .   (no gloves)
Will     .....                  (no boots)
Stlth    ..........             (no amulet)
HPRegen  0.00/turn              q - ring of wizardry
MPRegen  0.09/turn              (no ring)

@: lethally poisoned (-3 -> -3)
A: damage resistance, heal wounds, sense surroundings 1, no regeneration
a: Heal Wounds


You were on level 3 of the Dungeon.
You visited 1 branch of the dungeon, and saw 3 of its levels.

You collected 118 gold pieces.

Inventory:

Hand Weapons
 a - a +0 war axe (weapon)
Armour
 b - a +0 scale mail (worn)
 c - a +0 kite shield (worn)
Jewellery
 q - a ring of wizardry (left hand)
Wands
 l - a wand of flame (37)
Scrolls
 e - a scroll of identify
 i - 3 scrolls of enchant armour {unknown}
 k - a scroll of fog {unknown}
 m - a scroll of magic mapping {unknown}
 o - a scroll of teleportation {unknown}
Potions
 d - 2 potions of might
 f - a potion of mutation {unknown}
 g - a potion of lignification
 h - 2 potions of attraction {unknown}
 j - 2 potions of magic {unknown}
 n - a potion of experience {unknown}
 p - a potion of curing {unknown}


   Skills:
 + Level 3.5 Fighting
 + Level 4.5 Axes
 + Level 4.5 Armour
 + Level 1.5 Dodging
 + Level 4.3 Shields


You had 5 spell levels left.
You didn't know any spells.
Your spell library contained the following spells:

 Spells                   Type           Power      Damage    Failure   Level
 Freeze                   Ice            0%         1d3       82%         1
 Passwall                 Tmut/Erth      0%         N/A       91%         2
 Frozen Ramparts          Ice            0%         1d2       99%         3
 Summon Guardian Golem    Hex/Summ       0%         N/A       99%         3
 Swiftness                Air            0%         N/A       99%         3
 Hailstorm                Conj/Ice       0%         3d3       100%        4
 Invisibility             Hex            0%         N/A       100%        6
 Orb of Destruction       Conj           0%         N/A       100%        7
 Spellforged Servitor     Conj/Summ      0%         N/A       100%        7


Dungeon Overview and Level Annotations

Branches:
Dungeon (3/15)

Altars:
Xom

Shops:
D:3 !

Annotations:
D:3 Crazy Yiuf


Innate Abilities, Weirdness & Mutations

You are resistant to damage.
You can heal yourself by infusing magical energy.
You passively map a small area around you.
You do not regenerate.


Message History

Crazy Yiuf hits you with a +2 quarterstaff of chaos.
Crazy Yiuf freezes you.
Crazy Yiuf whimpers, "Rifle!"
Crazy Yiuf hits you with a +2 quarterstaff of chaos.
Crazy Yiuf burns you.
Crazy Yiuf hits you with a +2 quarterstaff of chaos!
* * * LOW HITPOINT WARNING * * *
Crazy Yiuf freezes you.
* * * LOW HITPOINT WARNING * * *
Crazy Yiuf hits you with a +2 quarterstaff of chaos!
* * * LOW HITPOINT WARNING * * *
Crazy Yiuf burns you.
* * * LOW HITPOINT WARNING * * *
You turn to flesh and can move again.
Unknown command.
Unknown command.
Unknown command.
Unknown command.
You barely miss Crazy Yiuf.
Crazy Yiuf is moderately wounded.
Crazy Yiuf hits you with a +2 quarterstaff of chaos.
Crazy Yiuf sings, "Trees, trees, trees, circus!"
Crazy Yiuf closely misses you.
You closely miss Crazy Yiuf.
Crazy Yiuf is moderately wounded.
You block Crazy Yiuf's attack.
You hit Crazy Yiuf.
Crazy Yiuf is heavily wounded.
Crazy Yiuf barely misses you. You block Crazy Yiuf's attack.
You barely miss Crazy Yiuf.
Crazy Yiuf is heavily wounded.
You block Crazy Yiuf's attack.
You closely miss Crazy Yiuf.
Crazy Yiuf is heavily wounded.
You are no longer poisoned.
Crazy Yiuf hits you with a +2 quarterstaff of chaos.
* * * LOW HITPOINT WARNING * * *
You are poisoned.
Crazy Yiuf hits you with a +2 quarterstaff of chaos!
You die...

............###..............#
.....<......................##
#...........#####..........##
#....#..##### ############
...####.# ...# #.#
...####.#### ### .........#.##
###..)# ######.....P####@g...#
##...P..#..##...# ##.#P.#.###
### ########


You could see Crazy Yiuf.

Vanquished Creatures
  An iguana (D:2)
  An orc wizard (D:3)
  Ijyb (D:3)
  Natasha (thrice) (D:2)
  Robin (D:3)
  5 adders (D:3)
  2 worms (D:2)
  5 dart slugs
  2 orcs (D:3)
  5 endoplasms
  3 giant cockroaches
  11 goblins
  13 hobgoblins
  4 jackals (D:2)
  3 kobolds (D:2)
  A quokka (D:2)
  4 ball pythons
  5 bats
  2 frilled lizards
  4 rats
76 creatures vanquished.

Vanquished Creatures (others)
  A giant cockroach (D:3)
1 creature vanquished.

Grand Total: 77 creatures vanquished

Notes
Turn   | Place    | Note
-------+----------+-------------------------------------------
     0 | D:1      | NFM the Deep Dwarf Fighter began the quest for the Orb.
     0 | D:1      | Reached XP level 1. HP: 20/20 MP: 1/1
   102 | D:1      | Reached XP level 2. HP: 27/27 MP: 2/2
   803 | D:2      | Reached XP level 3. HP: 27/34 MP: 3/3
  1077 | D:2      | Noticed Natasha
  1094 | D:2      | Killed Natasha
  1095 | D:2      | Reached XP level 4. HP: 33/42 MP: 4/4
  1117 | D:2      | Noticed Natasha
  1133 | D:2      | Killed Natasha
  1177 | D:2      | Noticed Natasha
  1197 | D:2      | Killed Natasha
  1368 | D:2      | Reached XP level 5. HP: 17/49 MP: 5/5
  1543 | D:3      | Found a shimmering altar of Xom.
  1549 | D:3      | Reached skill level 1 in Dodging
  1606 | D:3      | Found a faded altar of an unknown god.
  1647 | D:3      | Noticed Robin
  1651 | D:3      | Noticed Ijyb
  1670 | D:3      | Killed Ijyb
  1677 | D:3      | Killed Robin
  1822 | D:3      | Reached XP level 6. HP: 30/56 MP: 6/6
  1823 | D:3      | Found Zokkiuf's Distillery.
  2064 | D:3      | Found a runed translucent door.
  2065 | D:3      | Noticed Crazy Yiuf
  2084 | D:3      | Slain by Crazy Yiuf

Illustrated notes

Levels and vault maps discovered:
D:1:      lemuel_arrival_broad_hall, layout_loops_ring
D:2:      layout_basic, minmay_fractal_squares_gapless_5, uniq_natasha
D:3:      layout_rooms, xom_teletrap_fun, serial_shops,
          nicolae_shop_statue_plus, hellmonk_ecumenical_altar_blasted,
          minmay_cupped, uniq_robin, uniq_crazy_yiuf_cottage, uniq_ijyb

Skill      XL: |  1  2  3  4  5 |
---------------+----------------+-----
Fighting       | 3 |  3.5
Axes           | 3 4 |  4.5
Armour         | 4 |  4.5
Shields        | 4 |  4.3
Dodging        | 1 |  1.5

Action                   |  1- 3 |  4- 6 || total
-------------------------+-------+-------++-------
Melee: War axe           |    91 |   139 ||   230
 Abil: Heal Wounds       |     1 |     6 ||     7
  Use: Scroll            |     2 |     1 ||     3
Armor: Scale mail        |    70 |    97 ||   167
Dodge: Dodged            |    45 |    78 ||   123
Block: Kite shield       |    62 |   106 ||   168
